 Dungeon Crawl Stone Soup version 0.29.1 (webtiles) character file.

Game seed: 18387516843162541591

473 QueenGhuleh the Chopper (level 6, -1/84 HPs)
             Began as a Minotaur Berserker on Sept 12, 2022.
             Was a Believer of Trog.
             Slain by a gnoll
             ... wielding a +0 club
             ... led by a gnoll sergeant
              (6 damage)
             ... on level 4 of the Dungeon.
             The game lasted 00:05:27 (3837 turns).

QueenGhuleh the Chopper (Minotaur Berserker)        Turns: 3837, Time: 00:05:28

Health: -1/84      AC:  2    Str: 23    XL:     6   Next: 84%
Magic:  5/5        EV: 13    Int:  4    God:    Trog [**....]
Gold:   213        SH:  0    Dex: 12    Spells: 5/5 levels left

rFire   . . .      SeeInvis .   p - +6 great sword of Xeyrchev {freeze, Dex+2}
rCold   . . .      Faith    .   (shield currently unavailable)
rNeg    . . .      Spirit   .   b - +0 animal skin
rPois   .          Reflect  .   (helmet restricted)
rElec   .          Harm     .   (no cloak)
rCorr   .          Rampage  .   (no gloves)
Will    .....                   (no boots)
Stlth   ..........              (no amulet)
HPRegen 0.24/turn               (no ring)
MPRegen 0.09/turn               (no ring)

@: berserking, very quick
A: horns 2, retaliatory headbutt
a: Renounce Religion, Berserk, Trog's Hand


You were on level 4 of the Dungeon.
You worshipped Trog.
Trog was pleased with you.
You visited 1 branch of the dungeon, and saw 4 of its levels.

You collected 213 gold pieces.

Inventory:

Hand Weapons
 a - a +0 hand axe
 l - a +0 scythe
 p - the +6 great sword of Xeyrchev (weapon) {freeze, Dex+2}
   (You found it on level 4 of the Dungeon)

   It freezes those it strikes, dealing additional cold damage.
   It can also slow down cold-blooded creatures.
   Dex:       It affects your dexterity (+2).
Armour
 b - a +0 animal skin (worn)
Wands
 q - a wand of mindburst (3)
Scrolls
 e - a scroll of amnesia {unknown}
 f - 2 scrolls of brand weapon {unknown}
 g - 3 scrolls of enchant weapon {unknown}
 i - 3 scrolls of fear {unknown}
 j - a scroll of magic mapping {unknown}
 m - a scroll of teleportation {unknown}
 o - a scroll of identify {unknown}
Potions
 c - 2 potions of ambrosia {unknown}
 d - a potion of curing {unknown}
 h - a potion of brilliance {unknown}
 k - 2 potions of flight {unknown}
 n - a potion of attraction {unknown}
 r - a potion of lignification {unknown}
 s - a potion of resistance {unknown}
 t - a potion of haste {unknown}


   Skills:
 + Level 5.4 Fighting
 + Level 1.2 Long Blades
 + Level 6.0(6.5) Axes
 + Level 3.3(5.1) Polearms
 + Level 2.8 Armour
 + Level 3.8 Dodging
 + Level 1.1 Stealth


You had 5 spell levels left.
You didn't know any spells.
Your spell library was empty.

Dungeon Overview and Level Annotations

Branches:
Dungeon (4/15)             Temple (0/1) D:4

Altars:
Makhleb
Okawaru


Innate Abilities, Weirdness & Mutations

You have a pair of horns on your head.
You reflexively headbutt those who attack you in melee.


Message History

A gnoll sergeant comes into view. It is wielding a +0 trident.
A gnoll sergeant is nearby!
A gnoll comes into view. It is wielding a +0 club.
The gnoll sergeant shouts!
The gnoll shouts!
You hear a shout! x2
A gnoll comes into view. It is wielding a +0 flail.
A gnoll comes into view. It is wielding a +0 spear.
The gnoll sergeant hits you from afar with a +0 trident!
The gnoll sergeant completely misses you.
The gnoll misses you.
You slash the gnoll sergeant! You freeze the gnoll sergeant.
Your headbutt misses the gnoll sergeant.
The gnoll sergeant is severely wounded.
The gnoll sergeant misses you.
You barely miss the gnoll sergeant.
The gnoll sergeant is severely wounded.
The gnoll sergeant hits you with a +0 trident!
The gnoll misses you.
The gnoll sergeant hits you with a +0 trident!
The gnoll hits you with a +0 club. The gnoll misses you.
The gnoll hits you from afar with a +0 spear.
* * * LOW HITPOINT WARNING * * *
A red film seems to cover your vision as you go berserk!
You feel yourself moving faster!
You feel mighty! The gnoll barely misses you. You furiously retaliate!
You headbutt the gnoll.
The gnoll hits you from afar with a +0 spear!
* * * LOW HITPOINT WARNING * * *
The gnoll barely misses you. You furiously retaliate!
You headbutt the gnoll!
You are too injured to fight recklessly!
You are too injured to fight recklessly!
You are too injured to fight recklessly!
Unknown command.
You closely miss the gnoll sergeant.
The gnoll sergeant is severely wounded.
The gnoll sergeant hits you with a +0 trident.
* * * LOW HITPOINT WARNING * * *
The gnoll closely misses you.
The gnoll hits you from afar with a +0 spear.
* * * LOW HITPOINT WARNING * * *
The gnoll hits you with a +0 club.
You die...

### .# ##.... ## . .
..#.# #.. ... ##
...# ... ....# #..#
###.## ....# #..#
.#...# ...##
####..####...# ##..
.#.....)...)#
#..>........g.##.##.
#
#.##........@.g.....
#
...........gg......
##
#######..####......
.# ##....# ######
.#########..##.#
....#.......# ...
...††.......# ###..
........_8_.## #.
.............#


You could see a gnoll sergeant and 3 gnolls.

Vanquished Creatures
  Sigmund (D:3)
  An ogre (D:4)
  A phantom (D:4)
  A hound (D:4)
  A gnoll (D:4)
  3 adders
  5 dart slugs
  8 orcs (D:4)
  2 endoplasms
  3 giant cockroaches
  11 goblins
  5 hobgoblins
  2 jackals (D:3)
  A quokka (D:2)
  8 ball pythons
  4 bats
  4 frilled lizards
  7 kobolds
  4 rats
72 creatures vanquished.

Vanquished Creatures (others)
  21 plants (D:4)
21 creatures vanquished.

Grand Total: 93 creatures vanquished

Notes
Turn   | Place    | Note
-------+----------+-------------------------------------------
     0 | D:1      | QueenGhuleh the Minotaur Berserker began the quest for the
                  | Orb.
     0 | D:1      | Reached XP level 1. HP: 19/19 MP: 0/0
   309 | D:1      | Reached skill level 4 in Axes
   310 | D:1      | Reached XP level 2. HP: 18/27 MP: 1/1
  1305 | D:2      | Found a faded altar of an unknown god.
  1464 | D:2      | Reached XP level 3. HP: 17/33 MP: 2/2
  2103 | D:3      | Noticed Sigmund
  2127 | D:3      | Killed Sigmund
  2127 | D:3      | Reached ** piety under Trog
  2128 | D:3      | Reached skill level 5 in Axes
  2128 | D:3      | Reached XP level 4. HP: 22/41 MP: 3/3
  2128 | D:3      | Reached XP level 5. HP: 25/47 MP: 4/4
  2342 | D:3      | Reached skill level 5 in Fighting
  2463 | D:3      | Reached skill level 6 in Axes
  2617 | D:3      | Identified the +6 trident "Nolumn" {elec, Stlth+}
  3105 | D:4      | Reached skill level 1 in Polearms
  3121 | D:4      | Reached XP level 6. HP: 25/56 MP: 5/5
  3432 | D:4      | Found a staircase to the Ecumenical Temple.
  3446 | D:4      | Identified the +6 great sword of Xeyrchev {freeze, Dex+2}
  3527 | D:4      | Reached skill level 1 in Stealth
  3710 | D:4      | Found a burning altar of Makhleb.
  3712 | D:4      | Found an iron altar of Okawaru.
  3797 | D:4      | Reached skill level 1 in Long Blades
  3837 | D:4      | Slain by a gnoll

Illustrated notes

Levels and vault maps discovered:
D:1:      evilmike_arrival_crescent, layout_loops_ring, nrook_campfire
D:2:      layout_loops_ring, chequers_ecumenical_altar_island
D:3:      layout_basic, uniq_sigmund
D:4:      layout_rooms, chequers_temple_overflow_statue_of_worship,
          nicolae_grassy_gnolls, uniq_duvessa

Skill      XL: |  1  2  3  4  5  6 |
---------------+-------------------+-----
Axes           | 4 5 6 |  6.0
Fighting       | 4 5 |  5.4
Dodging        | 3 |  3.8
Polearms       | 1 3 |  3.3
Stealth        | 1 |  1.1
Long Blades    | 1 |  1.2
Armour         | |  2.8

Action                   |  1- 3 |  4- 6 || total
-------------------------+-------+-------++-------
Melee: Hand axe          |    76 |       ||    76
       Headbutt          |     6 |     7 ||    13
       Halberd           |       |    65 ||    65
       Great sword       |       |    22 ||    22
Invok: Berserk           |       |     2 ||     2
 Stab: Sleeping          |       |     1 ||     1
Armor: Animal skin       |     9 |    15 ||    24
Dodge: Dodged            |    36 |    49 ||    85
